 Dungeon Crawl Stone Soup version 0.29-a0-375-g5102b3be25 (webtiles) character file.

Game seed: 585202690739770527

24 YayAnonymity the Chopper (level 3, -3/31 HPs)
             Began as a Hill Orc Monk on May 4, 2022.
             Slain by a phantom (5 damage)
             ... on level 1 of the Dungeon.
             The game lasted 00:01:17 (1306 turns).

YayAnonymity the Chopper (Hill Orc Monk)            Turns: 1306, Time: 00:01:18

Health: -3/31      AC:  5    Str: 15    XL:     3   Next: 2%
Magic:  3/3        EV: 11    Int: 10    God:
Gold:   124        SH:  0    Dex: 13    Spells: 2/2 levels left

rFire   . . .      SeeInvis .   a - +0 hand axe
rCold   . . .      Faith    .   (no shield)
rNeg    . . .      Spirit   .   f - +0 ring mail
rPois   .          Reflect  .   (no helmet)
rElec   .          Harm     .   (no cloak)
rCorr   .          Rampage  .   (no gloves)
Will    .....                   (no boots)
Stlth   +.........              (no amulet)
HPRegen 0.10/turn               (no ring)
MPRegen 0.08/turn               (no ring)

@: no status effects
A: no striking features
a: no special abilities


You were on level 1 of the Dungeon.
You visited 1 branch of the dungeon, and saw 2 of its levels.

You collected 124 gold pieces.

Inventory:

Hand Weapons
 a - a +0 hand axe (weapon)
Armour
 f - a +0 ring mail (worn)
Scrolls
 b - a scroll of fear {unknown}
 e - a scroll of amnesia {unknown}
 g - a scroll of fog {unknown}
Potions
 c - a potion of ambrosia
 d - 2 potions of berserk rage {unknown}


   Skills:
 - Level 3.6 Fighting
 + Level 5.4 Axes
 - Level 2.4 Dodging
 - Level 1.5 Stealth


You had 2 spell levels left.
You didn't know any spells.
Your spell library contained the following spells:

 Spells                   Type           Power      Damage    Failure   Level
 Confusing Touch          Hex            0%         N/A       92%         3
 Yara's Violent Unravell  Hex/Tmut       0%         3d3       100%        5
 Enfeeble                 Hex            0%         N/A       100%        7


Dungeon Overview and Level Annotations

Branches:
Dungeon (2/15)

Altars:

Annotations:
D:2 Robin


Message History

Robin says, "Bow before me, strongest of all the hobgoblins!"
A goblin comes into view. It is wielding a +0 dagger.
The phantom hits you.
The phantom blinks!
You blink.
The goblin moves out of view.
You closely miss the phantom.
The phantom is heavily damaged.
The phantom barely misses you. The phantom attacks as you move away!
The phantom hits you.
* * * LOW HITPOINT WARNING * * *
You hear a zap.
Some rock shatters into small pieces.
You hear a zap.
Some rock shatters into small pieces.
You see here a quokka corpse.
The phantom attacks as you move away!
The phantom hits you but does no damage.
The goblin no longer looks unusually strong.
You hear a zap.
You hear a grinding noise.
The phantom attacks as you move away!
The phantom hits you but does no damage.
You see here a hobgoblin corpse.
The phantom attacks as you move away! The phantom barely misses you.
The phantom attacks as you move away! The phantom closely misses you.
The phantom attacks as you move away! The phantom barely misses you.
The phantom attacks as you move away! The phantom hits you.
* * * LOW HITPOINT WARNING * * *
You hear a zap.
You hear a grinding noise.
The phantom attacks as you move away! The phantom hits you.
* * * LOW HITPOINT WARNING * * *
There is a stone staircase leading up here.
The phantom closely misses you.
You climb upwards.
There is a stone staircase leading down here.
You hit the phantom.
The phantom is severely damaged.
The phantom barely misses you.
You closely miss the phantom.
The phantom is severely damaged.
The phantom hits you.
You die...

..♣♣♣ #.#
#.# ♣♣..♣
#.# #.#
..♣.♣
##.# #.#
♣♣♣♣♣
#..# #.#
### #)##
#.# ##.##
#.# ###.#
#...###.#
##.#.#
.....##.#
#W...#
......(.#
##@###
.....####
#.#
....##
#.# ##.##
#.# #.#
#.# #.#
#.# ##.#
#.# ...#
#.# ####
### #>#


You could see a phantom.

Vanquished Creatures
  A dart slug (D:2)
  2 bats (D:1)
  An endoplasm (D:1)
  2 giant cockroaches (D:1)
  3 goblins
  2 hobgoblins (D:2)
  A quokka (D:2)
  3 ball pythons
  2 frilled lizards (D:1)
  2 kobolds (D:1)
  A rat (D:1)
20 creatures vanquished.

Vanquished Creatures (others)
  A plant (D:2)
1 creature vanquished.

Grand Total: 21 creatures vanquished

Notes
Turn   | Place    | Note
-------+----------+-------------------------------------------
     0 | D:1      | YayAnonymity the Hill Orc Monk began the quest for the Orb.
     0 | D:1      | Reached XP level 1. HP: 19/19 MP: 1/1
   371 | D:1      | Reached XP level 2. HP: 21/26 MP: 2/2
   898 | D:1      | Reached skill level 5 in Axes
  1267 | D:2      | Noticed Robin
  1269 | D:2      | Noticed a phantom
  1274 | D:2      | Reached XP level 3. HP: 18/31 MP: 3/3
  1306 | D:1      | Slain by a phantom

Illustrated notes

Levels and vault maps discovered:
D:1:      erik_arrival_cave_to_civilisation [erik_arrival_cave_to_temple],
          layout_loops_ring
D:2:      layout_loops_ring, shapermc_ecumenical_altar_notcrosses,
          amcnicky_mini_pool_small, serial_bayou_pond_e, minmay_hexomino_p4,
          uniq_robin

Skill      XL: |  1  2 |
---------------+-------+-----
Axes           | 5 |  5.4
Fighting       | |  3.6
Dodging        | |  2.4
Stealth        | |  1.5

Action                   || total
-------------------------++-------
Melee: Hand axe          ||    66
       Punch             ||     1
 Stab: Sleeping          ||     1
Armor: Robe              ||     3
       Ring mail         ||    16
Dodge: Dodged            ||    46

Table legend: (Time is in decaauts)
 A = Elapsed time spent in this place.
 B = Non-inter-level travel time spent in this place.
 C = Inter-level travel time spent in this place.
 D = Time resting spent in this place.
 E = Time spent auto-exploring this place.
 F = Levels seen in this place.
 G = Mean time per level.
                   A        B        C        D        E       F      G
               +--------+--------+--------+--------+--------+-----+--------+
         Total |   1309 |   1231 |     78 |      0 |   1043 |   2 |  654.5 |
       Dungeon |   1309 |   1231 |     78 |      0 |   1043 |   2 |  654.5 |
               +--------+--------+--------+--------+--------+-----+--------+

Top non-repeatable levels by time:
     D:1: 1143 daAuts
     D:2: 166 daAuts
